 Dungeon Crawl Stone Soup version 0.30-a0-954-gcf5f444c16 (webtiles) character file.

Game seed: 7628643528873464572

10021 CryoSword the Jinx (level 11, -13/54 HPs)
             Began as a Spriggan Enchanter on Mar 29, 2023.
             Was a Believer of Dithmenos.
             Killed from afar by Jorgrun (43 damage)
             ... with a blast of rock fragments
             ... on level 12 of the Dungeon.
             The game lasted 00:34:10 (16001 turns).

CryoSword the Jinx (Spriggan Enchanter)            Turns: 16001, Time: 00:34:10

Health: -13/54     AC:  5    Str:  5    XL:     11   Next: 30%
Magic:  16/16      EV: 21    Int: 23    God:    Dithmenos [**....]
Gold:   97         SH:  5    Dex: 21    Spells: 5/16 levels left

rFire   . . .      SeeInvis +    x - +8 rapier of the Whale {vamp, Str-5 Int+5 Dex+2 Stlth+}
rCold   . . .      Faith    .    (no shield)
rNeg    . . .      Spirit   .    t - +0 troll leather armour
rPois   .          Reflect  +    (helmet restricted)
rElec   .          Rampage  .    D - +0 cloak
rCorr   +                        (gloves unavailable)
Will    +....                    (boots unavailable)
Stlth   +++++++                  b - amulet of reflection
HPRegen 1.09/turn                d - ring of resist corrosion
MPRegen 0.15/turn                G - +6 ring of strength

@: wreathed by umbra, very quick
A: very small, no large weapons, unfitting armour, see invisible, speed 3
a: Renounce Religion, Shadow Step


You were on level 12 of the Dungeon.
You worshipped Dithmenos.
Dithmenos was pleased with you.
You visited 2 branches of the dungeon, and saw 13 of its levels.

You collected 715 gold pieces.
You spent 618 gold pieces at shops.

Inventory:

Hand Weapons
 a - a +2 dagger of electrocution
   (You took it off an orc wizard on level 7 of the Dungeon)
 w - the +11 quick blade "Zellyro" {vamp, *Slow rPois Str+6 Stlth+}
   (You found it on level 5 of the Dungeon)

   Str:       It affects your strength (+6).
   rPois:     It protects you from poison.
   *Slow:     It may slow you when you take damage.
   Stlth:     It makes you more stealthy.
 x - the +8 rapier of the Whale (weapon) {vamp, Str-5 Int+5 Dex+2 Stlth+}
   (You found it on level 9 of the Dungeon)

   Str:       It affects your strength (-5).
   Int:       It affects your intelligence (+5).
   Dex:       It affects your dexterity (+2).
   Stlth:     It makes you more stealthy.
Missiles
 f - 17 poisoned darts (quivered)
 E - 2 throwing nets
 J - 7 boomerangs
Armour
 t - a +0 troll leather armour (worn)
   (You found it on level 11 of the Dungeon)
 D - a +0 cloak (worn)
   (You found it on level 11 of the Dungeon)
Jewellery
 b - an amulet of reflection (around neck)
   (You found it on level 11 of the Dungeon)
 d - a ring of resist corrosion (left hand)
   (You found it on level 1 of the Dungeon)
 y - a ring of protection from fire
   (You took it off a gnoll on level 5 of the Dungeon)
 C - a ring of poison resistance
   (You found it on level 11 of the Dungeon)
 G - a +6 ring of strength (right hand)
   (You found it on level 7 of the Dungeon)
Wands
 F - a wand of flame (30)
   (You found it on level 7 of the Dungeon)
 L - a wand of iceblast (10)
   (You found it on level 8 of the Dungeon)
 O - a wand of acid (3)
   (You found it on level 11 of the Dungeon)
Scrolls
 e - 2 scrolls of brand weapon {unknown}
 h - 2 scrolls of vulnerability {unknown}
 n - a scroll of blinking
 o - 8 scrolls of teleportation {@r4}
 p - 3 scrolls of fog
 q - 2 scrolls of noise {unknown}
 r - 2 scrolls of amnesia
 s - a scroll of enchant armour {unknown}
 u - 3 scrolls of fear
 v - 3 scrolls of enchant weapon {unknown}
 A - a scroll of immolation {!r}
 H - 2 scrolls of magic mapping {unknown}
 K - 2 scrolls of poison {unknown}
 P - a scroll of identify {@r1}
Potions
 c - 2 potions of invisibility
 g - 4 potions of ambrosia
 i - 11 potions of curing {@q1}
 j - 2 potions of haste {unknown}
 k - a potion of resistance {unknown}
 l - 3 potions of flight
 m - 5 potions of might
 z - a potion of brilliance
 B - 2 potions of heal wounds {@q2}
 I - a potion of cancellation {unknown}
 M - 2 potions of lignification {!q}
 N - a potion of berserk rage


   Skills:
 + Level 4.5 Fighting
 * Level 8.2 Short Blades
 + Level 7.7 Dodging
 + Level 9.7 Stealth
 - Level 3.0 Spellcasting
 - Level 4.0 Conjurations
 * Level 12.2 Hexes
 - Level 4.0 Ice Magic
 * Level 4.0 Invocations


You had 5 spell levels left.
You knew the following spells:

 Your Spells              Type           Power      Damage    Failure   Level
a - Ensorcelled Hibernat  Hex/Ice        80%        N/A       1%          2
b - Confusing Touch       Hex            56%        N/A       1%          3
c - Tukima's Dance        Hex            56%        N/A       1%          3
d - Dazzling Flash        Conj/Hex       80%        N/A       1%          3

Your spell library contained the following spells:

 Spells                   Type           Power      Damage    Failure   Level
 Magic Dart               Conj           84%        1d7       3%          1
 Inner Flame              Hex/Fire       31%        N/A       4%          3
 Summon Guardian Golem    Hex/Summ       31%        N/A       4%          3
 Summon Small Mammal      Summ           12%        N/A       19%         1
 Call Imp                 Summ           3%         N/A       28%         2
 Lesser Beckoning         Tloc           6%         N/A       28%         2
 Passwall                 Tmut/Erth      2%         N/A       28%         2
 Mephitic Cloud           Conj/Pois/Air  9%         N/A       34%         3
 Silence                  Hex/Air        15%        N/A       41%         5
 Call Canine Familiar     Summ           3%         N/A       50%         3
 Gell's Gravitas          Tloc           3%         N/A       50%         3
 Swiftness                Air            3%         N/A       50%         3
 Teleport Other           Tloc           3%         N/A       50%         3
 Discord                  Hex            28%        N/A       100%        8


Dungeon Overview and Level Annotations

Branches:
Dungeon (12/15)            Temple (1/1) D:7            Lair (0/5) D:9
    Orc (0/2) D:9

Altars:
Ashenzari
Cheibriados
Dithmenos
Elyvilon
Fedhas
Gozag
Hepliaklqana
Makhleb
Nemelex Xobeh
Okawaru
Qazlal
Ru
Sif Muna
Uskayaw
Vehumet
Wu Jian
Xom
Yredelemnul
Zin
The Shining One

Shops:
D:1 ?!*   D:3 !?

Annotations:
D:4 2 runed translucent doors, CrazyBamboolord's ghost, novice KoGl
D:8 3 runed translucent doors, 112233's ghost, novice OpEE
D:12 Jorgrun


Innate Abilities, Weirdness & Mutations

You are very small and have problems with some larger weapons.
You are too small for most types of armour.
You have supernaturally acute eyesight. (SInv)
You cover ground extremely quickly. (Speed+++)


Message History

You feel as though you will be slow longer.
The hornet completely misses you.
Aim: a hornet (heavily wounded, umbra, chance to affect: 57%)
The hornet resists with significant effort.
You feel yourself speed up. The hornet completely misses you.
The hornet barely misses you. The hornet misses you.
Found a stone staircase leading down.
Found a scroll labelled QIUWEE KYSEX.
There is a stone staircase leading up here.
You climb upwards.
There is a stone staircase leading down here.
Partly explored, can't reach some places.
You climb downwards.
The hornet closely misses you. x2
There is a stone staircase leading up here.
Aim: a hornet (lightly wounded, umbra, chance to affect: 57%)
The hornet resists with significant effort.
The hornet stings you but does no damage.
Aim: a hornet (lightly wounded, umbra, chance to affect: 57%)
The hornet resists with significant effort.
The hornet misses you. The hornet completely misses you.
Aim: a hornet (lightly wounded, umbra, chance to affect: 57%)
The hornet looks drowsy...
The helpless hornet fails to defend itself.
You stick the hornet like a pincushion!!!!
You kill the hornet!
Dithmenos accepts your kill.
You climb upwards.
There is a stone staircase leading down here.
Partly explored, can't reach some places.
You climb downwards.
The boulder beetle misses you. The boulder beetle bites you.
There is a stone staircase leading up, spattered with blood here.
Aim: a boulder beetle (umbra, chance to affect: 49%)
The boulder beetle looks drowsy...
The helpless boulder beetle fails to defend itself.
You skewer the boulder beetle like a kebab!!!!
The boulder beetle misses you.
The boulder beetle is dazzled.
The boulder beetle misses you.
You completely miss the boulder beetle.
You catch the helpless boulder beetle completely off-guard!
You puncture the boulder beetle!
You feel better. The boulder beetle barely misses you.
You hit the boulder beetle but do no damage.
The boulder beetle completely misses you.
You catch the helpless boulder beetle completely off-guard!
You impale the boulder beetle!!
You kill the boulder beetle!
Dithmenos accepts your kill.
Training target 4.0 for Conjurations reached!
Your Conjurations skill increases to level 4!
No target in view!
q - 2 scrolls labelled QIUWEE KYSEX (gained 1)
Found 5 stones.
There is a stone staircase leading down here.
Found 6 stones.
A troll comes into view.
Found a helmet.
A troll is nearby!
You see here 6 gold pieces.
The helpless troll fails to defend itself.
You spit the troll like a pig!!!!
You kill the troll!
Dithmenos accepts your kill.
The troll leather armour is intact enough to wear.
Things that are here:
a +0 troll leather armour; a troll corpse
t - a +0 troll leather armour You start removing your armour.
You continue taking off your +0 robe. x4
You finish taking off your +0 robe.
You start putting on your armour.
You continue putting on your +0 troll leather armour. x5
You finish putting on your +0 troll leather armour.
The armour throbs as it attunes itself to your uninjured body.
You drop a +0 robe.
You now have 63 gold pieces (gained 6).
Found a stone staircase leading down.
You now have 86 gold pieces (gained 23).
b - an amulet of reflection
f - 17 poisoned darts (gained 4)
You see here a kobold skeleton.
You see here a +1 short sword of draining.
C - a ring of poison resistance
Okay, then.
You start putting on your amulet.
You continue putting on your amulet of reflection. x5
You finish putting on your amulet of reflection.
You feel a shielding aura gather around you.
b - an amulet of reflection (around neck)
Things that are here:
5 stones; a +0 short sword
Found a scale mail.
Found an escape hatch in the floor.
D - a +0 cloak You start putting on your armour.
You continue putting on your +0 cloak. x4
You finish putting on your +0 cloak.
You see here a +0 pair of boots.
v - 3 scrolls labelled OZXYBAWU SUCIY (gained 1)
O - a wand of acid (3)
Found 6 stones.
P - a scroll of identify {@r1}
There is an escape hatch in the floor here.
There is an escape hatch in the ceiling here.
You now have enough gold to buy a potion of ambrosia on D:3, buy a scroll of blinking on D:1, buy a scroll of magic mapping on D:1, or buy 2 scrolls of fear on D:1.
You now have 97 gold pieces (gained 11). 2 wolves come into view.
There are monsters nearby!
There are monsters nearby!
Grum the Hunter comes into view.
He is wielding a +0 halberd.
The helpless wolf fails to defend itself.
You perforate the wolf like a sieve!!!
You kill the wolf!
Dithmenos accepts your kill.
The helpless Grum fails to defend himself.
You stick Grum like a pincushion!!!!
You kill Grum!
Dithmenos accepts your kill.
The helpless wolf fails to defend itself.
You skewer the wolf like a kebab!!!!
You kill the wolf!
Dithmenos accepts your kill.
Your Invocations skill increases to level 4!
No target in view!
Done exploring.
Done exploring.
Done exploring.
Done exploring.
Okay, then.
Done exploring.
Done exploring.
Done exploring.
Done exploring.
Done exploring.
There is a stone staircase leading down here.
You climb downwards.
Found a potion of flight.
There is a stone staircase leading up here.
Found a scale mail.
Jorgrun Earthshaker comes into view.
He is wielding a +0 heavy quarterstaff.
Jorgrun shouts!
You hear a shout!
You hear a horrible gurgling sound!
A brown ugly thing comes into view.
A kobold demonologist comes into view. It is wielding a +0 dagger.
Jorgrun casts a spell next to you.
The wall shatters!
The blast of rock fragments hits you!!
Blink to where?
As you read the scroll of blinking, it crumbles to dust.
Jorgrun casts a spell next to you.
The wall shatters!
The blast of rock fragments hits you!!!
Ouch! That really hurt!
You die...

#...[........
#.....K......
#............
####............
###...............
##...........!.....
##..#....###g.......
..............###.##
.......@....#.#
......####....#
##.## ###...# #
#.... .#... ###.# .#


You could see Jorgrun and a kobold demonologist.

Vanquished Creatures
  2 boulder beetles
  2 trolls
  2 hornets
  A vampire (D:10)
  Grum (D:11)
  18 yaks
  2 vampire mosquitoes (D:10)
  3 swamp worms (D:8)
  A water moccasin (D:9)
  A black bear (D:4)
  7 orc warriors (D:9)
  2 centaurs
  An ogre (D:7)
  2 wolves (D:11)
  3 kobold brigands
  A bullfrog (D:6)
  2 gnoll sergeants
  3 scorpions
  12 wights
  10 killer bees (D:9)
  3 howler monkeys (D:7)
  4 hounds
  4 orc priests
  7 iguanas
  A sleepcap (D:4)
  Natasha (thrice) (D:4)
  12 orc wizards
  12 gnolls
  2 adders
  A white imp (D:5)
  An ufetubus (D:6)
  A worm (D:4)
  3 dart slugs
  33 orcs
  8 ball pythons
  5 bats
  2 endoplasms
  4 giant cockroaches
  4 hobgoblins
  4 jackals (D:3)
  9 quokkas
  5 frilled lizards
  3 goblins
  12 kobolds
  4 rats
  A toadstool (D:1)
224 creatures vanquished.

Vanquished Creatures (collateral kills)
  2 orc warriors
  5 wights
  3 gnolls
  4 orcs
  A kobold (D:11)
15 creatures vanquished.

Vanquished Creatures (others)
  12 dancing weapons
  3 fungi (D:1)
  23 plants
  4 toadstools (D:1)
42 creatures vanquished.

Grand Total: 281 creatures vanquished

Notes
Turn   | Place    | Note
-------+----------+-------------------------------------------
     0 | D:1      | CryoSword the Spriggan Enchanter began the quest for the
                  | Orb.
     0 | D:1      | Reached XP level 1. HP: 9/9 MP: 5/5
   116 | D:1      | Reached skill level 4 in Hexes
   133 | D:1      | Found Xoarauto's Magic Scroll Shoppe.
   186 | D:1      | Reached XP level 2. HP: 13/13 MP: 6/6
   194 | D:1      | Learned a level 2 spell: Ensorcelled Hibernation
   469 | D:1      | Found Guov's Assorted Antiques.
   482 | D:1      | Bought a golden potion for 27 gold pieces
   482 | D:1      | Bought a golden potion for 27 gold pieces
   482 | D:1      | Bought a white potion for 27 gold pieces
   482 | D:1      | Bought a fizzy grey potion for 27 gold pieces
   617 | D:1      | Found Zohy's Distillery.
   625 | D:1      | Bought a potion of degeneration for 14 gold pieces
   625 | D:1      | Bought a potion of curing for 42 gold pieces
  1193 | D:2      | Reached XP level 3. HP: 16/16 MP: 8/8
  1218 | D:2      | Found a faded altar of an unknown god.
  1569 | D:2      | Reached XP level 4. HP: 21/21 MP: 2/9
  1887 | D:2      | Reached skill level 5 in Hexes
  1910 | D:2      | Found an ornate altar of the Wu Jian Council.
  2072 | D:3      | Found Tuek's Magic Scroll Shoppe.
  2077 | D:3      | Bought a scroll of identify for 24 gold pieces
  2077 | D:3      | Bought a scroll of fear for 48 gold pieces
  2222 | D:3      | Found Rigeweo's Distillery.
  2316 | D:3      | Bought a potion of heal wounds for 55 gold pieces
  2437 | D:3      | Found a white marble altar of Elyvilon.
  2501 | D:2      | Learned a level 3 spell: Confusing Touch
  2505 | D:2      | Learned a level 3 spell: Tukima's Dance
  2850 | D:3      | Found an ornate altar of the Wu Jian Council.
  3098 | D:4      | Noticed a black bear
  3106 | D:4      | Killed a black bear
  3107 | D:4      | Reached skill level 6 in Hexes
  3107 | D:4      | Reached XP level 5. HP: 24/24 MP: 5/10
  3275 | D:4      | Noticed Natasha
  3284 | D:4      | Killed Natasha
  3310 | D:4      | Found a large runed translucent door.
  3312 | D:4      | Found a large runed translucent door.
  3315 | D:4      | Noticed CrazyBamboolord's ghost (novice KoGl)
  3374 | D:4      | Reached XP level 6. HP: 28/28 MP: 2/11
  3543 | D:4      | Noticed Natasha
  3561 | D:4      | Killed Natasha
  3566 | D:4      | Reached skill level 5 in Short Blades
  3901 | D:4      | Reached skill level 7 in Hexes
  4314 | D:5      | Entered Level 5 of the Dungeon
  4378 | D:5      | Found a shimmering altar of Xom.
  4379 | D:5      | Noticed an angel
  4383 | D:5      | Found a glowing silver altar of Zin.
  4666 | D:5      | Got the Excursus on Hexing
  4739 | D:5      | Reached XP level 7. HP: 32/32 MP: 5/12
  4856 | D:3      | Bought a potion of might for 44 gold pieces
  5019 | D:5      | Found an opulent altar of Gozag.
  5269 | D:5      | Identified the +11 quick blade "Zellyro" {vamp, *Slow rPois
                  | Str+6 Stlth+}
  5419 | D:4      | Noticed Natasha
  5438 | D:4      | Killed Natasha
  5630 | D:5      | Learned a level 3 spell: Dazzling Flash
  5917 | D:5      | Reached skill level 8 in Hexes
  6826 | D:5      | Found a glowing silver altar of Zin.
  7350 | D:5      | Found a shimmering altar of Xom.
  7485 | D:5      | Found an opulent altar of Gozag.
  8022 | D:6      | Reached XP level 8. HP: 37/37 MP: 4/13
  8138 | D:6      | Reached skill level 5 in Stealth
  8387 | D:6      | Found a basalt altar of Yredelemnul.
  8387 | D:6      | Identified the +2 quarterstaff "Orb Guardian's Doom"
                  | {flame, rElec Int+2}
  8414 | D:6      | Reached skill level 1 in Ice Magic
  8423 | D:6      | Reached skill level 1 in Fighting
  8634 | D:6      | Reached skill level 1 in Conjurations
  8960 | D:3      | Bought a scroll of blinking for 90 gold pieces
  9402 | D:7      | Found a radiant altar of Vehumet.
  9442 | D:7      | Reached skill level 9 in Hexes
  9627 | D:7      | Reached XP level 9. HP: 42/42 MP: 14/14
  9656 | D:7      | Noticed a troll
  9684 | D:7      | Killed a troll
  9726 | D:7      | Found a staircase to the Ecumenical Temple.
  9733 | Temple   | Entered the Ecumenical Temple
 10068 | Temple   | Became a worshipper of Dithmenos the Shadowed
 10277 | D:7      | Reached skill level 5 in Dodging
 10851 | D:3      | Bought a scroll of fog for 48 gold pieces
 11166 | D:7      | Found a staircase to the Ecumenical Temple.
 11295 | D:7      | Found a radiant altar of Vehumet.
 11478 | D:8      | Reached skill level 10 in Hexes
 11532 | D:8      | Found a runed translucent gate.
 11532 | D:8      | Found a runed translucent gate.
 11532 | D:8      | Found a runed translucent gate.
 12062 | D:8      | Noticed 112233's ghost (novice OpEE)
 12123 | D:8      | You fall into a shaft and drop 3 floors!
 12165 | D:10     | Entered Level 10 of the Dungeon
 12219 | D:10     | Reached XP level 10. HP: 49/49 MP: 9/15
 12514 | D:10     | Noticed a boulder beetle
 12534 | D:10     | Killed a boulder beetle
 12534 | D:10     | Reached * piety under Dithmenos
 12535 | D:10     | Reached skill level 11 in Hexes
 13257 | D:3      | Bought 2 potions of lignification for 66 gold pieces
 13257 | D:3      | Bought a potion of berserk rage for 55 gold pieces
 13356 | D:1      | Bought a scroll of identify for 24 gold pieces
 13628 | D:10     | Reached skill level 1 in Invocations
 13845 | D:10     | Found a glowing golden altar of the Shining One.
 14097 | D:9      | Noticed a death yak
 14099 | D:9      | Found a staircase to the Lair.
 14099 | D:9      | Noticed a death yak
 14099 | D:9      | Noticed a death yak
 14130 | D:9      | Noticed a death yak
 14625 | D:9      | Reached XP level 11. HP: 53/53 MP: 16/16
 14626 | D:9      | Reached ** piety under Dithmenos
 14786 | D:9      | Found a staircase to the Orcish Mines.
 14978 | D:9      | Reached skill level 12 in Hexes
 15075 | D:9      | Noticed a death yak
 15075 | D:9      | Noticed a death yak
 15214 | D:9      | Identified the +8 rapier of the Whale {vamp, Str-5 Int+5
                  | Dex+2 Stlth+}
 15438 | D:11     | Noticed a boulder beetle
 15626 | D:11     | Killed a boulder beetle
 15949 | D:11     | Noticed Grum
 15955 | D:11     | Killed Grum
 15997 | D:12     | Noticed Jorgrun
 15999 | D:12     | Noticed a brown ugly thing
 16001 | D:12     | Killed from afar by Jorgrun

Illustrated notes

Levels and vault maps discovered:
D:1:      dpeg_arrival_leaves_temple_mockup, layout_basic, serial_shops,
          nicolae_lakefront_shop, shop, shop_fountains, minivault_23,
          chequers_serial_rivers_room_b, minmay_gold_behind_fungi
D:2:      layout_loops_ring, basic_altar, ebering_ecumenical_altar_webs,
          kennysheep_generic_room_13
D:3:      layout_loops_ring, elyvilon_altar_4, mainiacjoe_overflow_chevrons,
          serial_shops, shop, nicolae_diamond_shop
D:4:      layout_rooms, ebering_ghost_disaster_area, uniq_natasha
D:5:      layout_layer_cave, grunt_temple_overflow_order_and_chaos_1,
          marbit_many_paths, lexackson_kobold_supper
D:6:      layout_loops_corners, mainiacjoe_overflow_small_starburst,
          chequers_serial_rivers_micro_e, minmay_quadrilaterals
D:7:      layout_loops_ring, fiery_altar_vehumet, minmay_temple_entry_arrows,
          minmay_misc_feat_hallway, minmay_strange_pillars
D:8:      layout_basic, gammafunk_ghost_icy, minmay_misc_feat_plants,
          worms_lemuel
D:9:      layout_roguey, gammafunk_temple_overflow_pools, dpeg_lair_monsters,
          david_orc_4, serial_glass, glass_columns_a, glass_columns_b,
          glass_columns_a, kennysheep_generic_room_16
D:10:     layout_rooms, lemuel_tele_altar, serial_curves, eino_curves_01,
          eino_curves_03, eino_curves_03
D:11:     layout_rooms, uniq_grum
D:12:     layout_rooms, amcnicky_mini_pool_small, uniq_jorgrun
Temple:   minmay_temple_forest_path

Skill      XL: |  1  2  3  4  5  6  7  8  9 10 11 |
---------------+----------------------------------+-----
Hexes          | 4 6 7 8 9 10 11 12 | 12.2
Short Blades   | 2 3 4 5 6 7 8 |  8.2
Dodging        | 3 4 6 7 |  7.7
Spellcasting   | 3 |  3.0
Stealth        | 6 7 9 |  9.7
Ice Magic      | 1 3 4 |  4.0
Fighting       | 2 3 4 |  4.5
Conjurations   | 1 2 3 4 |  4.0
Invocations    | 3 4 |  4.0

Action                     |  1- 3 |  4- 6 |  7- 9 | 10-12 || total
---------------------------+-------+-------+-------+-------++-------
  Melee: Dagger            |    73 |   128 |   102 |       ||   303
         Punch             |     2 |     2 |    10 |     1 ||    15
         Quick blade       |       |       |   227 |   252 ||   479
         Rapier            |       |       |       |    22 ||    22
  Throw: Dart              |       |       |       |     5 ||     5
   Cast: Ensorcelled Hiber |    21 |    47 |    37 |    15 ||   120
         Confusing Touch   |       |     6 |    21 |    10 ||    37
         Tukima's Dance    |       |     5 |    35 |    17 ||    57
         Dazzling Flash    |       |       |       |    13 ||    13
    Use: Scroll            |       |       |     4 |     5 ||     9
   Stab: Sleeping          |    18 |    31 |    18 |    27 ||    94
         Confused          |       |     5 |    14 |     9 ||    28
         Distracted        |       |     1 |     1 |       ||     2
         Invisible         |       |       |       |    11 ||    11
 Armour: Robe              |     6 |     9 |     9 |     5 ||    29
  Dodge: Dodged            |    57 |    82 |   136 |   139 ||   414

Table legend: (Time is in decaauts)
 A = Elapsed time spent in this place.
 B = Non-inter-level travel time spent in this place.
 C = Inter-level travel time spent in this place.
 D = Time resting spent in this place.
 E = Time spent auto-exploring this place.
 F = Levels seen in this place.
 G = Mean time per level.
                   A        B        C        D        E       F      G
               +--------+--------+--------+--------+--------+-----+--------+
         Total |  11323 |  10166 |   1157 |    129 |   7843 |  13 |  871.0 |
       Dungeon |  11099 |   9981 |   1118 |    129 |   7668 |  12 |  924.9 |
        Temple |    223 |    184 |     39 |      0 |    175 |   1 |  223.0 |
               +--------+--------+--------+--------+--------+-----+--------+

Top non-repeatable levels by time:
     D:5: 2056 daAuts
     D:4: 1262 daAuts
     D:7: 1116 daAuts
     D:3: 1063 daAuts
     D:8: 1024 daAuts
     D:6: 942 daAuts
     D:2: 878 daAuts
    D:10: 847 daAuts
     D:1: 826 daAuts
     D:9: 725 daAuts
    D:11: 350 daAuts
  Temple: 223 daAuts
    D:12: 4 daAuts
